 Dungeon Sprint DCSS version 0.21-a0-314-gb3271ec (webtiles) character file.

10353 potatolord6000 the Protected (level 11, -16/95 HPs)
             Began as a Gnoll Fighter on Sept 29, 2017.
             Was an Initiate of Gozag.
             Demolished by Saint Roka
             ... wielding a +1 halberd of holy wrath
              (40 damage)
             ... in the Dungeon (Sprint VII: "The Pits").
             The game lasted 00:09:58 (1990 turns).

potatolord6000 the Protected (Gnoll Fighter)        Turns: 1990, Time: 00:10:00

Health: -16/95     AC: 30    Str: 31    XL:     11   Next: 60%
Magic:  24/24      EV: 21    Int: 15    God:    Gozag
Gold:   202        SH: 13    Dex: 19    Spells: 29/29 levels left

rFire    + + +     SeeInvis .   r - +1 broad axe (chop)
rCold    + . .     Gourm    .   b - +5 buckler "Vufoaz" {Str+3}
rNeg     . . .     Faith    .   a - +6 crystal plate armour of Vehumet's Hope {rF++ Dex-3}
rPois    +         Spirit   .   l - +0 helmet
rElec    +         Reflect  .   (no cloak)
rCorr    +         Harm     .   (no gloves)
MR       .....     NoTele   +   t - +0 pair of boots {Fly}
Stlth    ..........             (no amulet)
HPRegen  0.25/turn              c - +3 ring of dexterity
MPRegen  0.19/turn              d - +3 ring of evasion

@: mighty, brilliant, agile, resistant, weakened, gold aura, flying, hasted,
very quick
A: distributed training, fangs 1, strong nose
a: Potion Petition, Call Merchant, Bribe Branch, Renounce Religion, Stop Flying


You were in the Dungeon.
You worshipped Gozag.
Gozag was aware of your devotion.
You were full.

You visited 1 branch You collected 4977 gold pieces.
You spent 2426 gold pieces at shops.
You paid 2349 gold pieces to Gozag.

Inventory:

Hand Weapons
 r - a +1 broad axe of chopping (weapon)
Armour
 a - the +6 crystal plate armour of Vehumet's Hope (worn) {rF++ Dex-3}
   (You bought it in a shop in the Dungeon)

   It affects your dexterity (-3).
   It greatly protects you from fire.
 b - the +5 buckler "Vufoaz" (worn) {Str+3}
   (You bought it in a shop in the Dungeon)

   It affects your strength (+3).
 l - a +0 helmet (worn)
 t - a +0 pair of boots of flying (worn)
Jewellery
 c - a +3 ring of dexterity (left hand)
 d - a +3 ring of evasion (right hand)
Scrolls
 k - a scroll of blinking
 m - 3 scrolls of remove curse
 n - 5 scrolls of amnesia
 o - a scroll of summoning
Potions
 e - 6 potions of curing
 h - a potion of agility
 i - 4 potions of magic
 j - a potion of haste
Comestibles
 f - 8 bread rations
 p - 40 fruits
 q - 5 meat rations


   Skills:
 + Level 11.6 Fighting
 + Level 10.3 Short Blades
 + Level 10.0 Long Blades
 + Level 10.8 Axes
 + Level 9.8 Maces & Flails
 + Level 9.8 Polearms
 + Level 9.9 Staves
 + Level 10.0 Slings
 + Level 10.0 Bows
 + Level 10.6 Crossbows
 + Level 10.0 Throwing
 + Level 12.0 Armour
 + Level 10.0 Dodging
 + Level 9.5 Stealth
   Level 0.0 Stabbing
 + Level 11.5 Shields
   Level 0.0 Traps
 + Level 9.4 Unarmed Combat
 + Level 9.9 Spellcasting
 + Level 9.7 Conjurations
 + Level 10.6 Hexes
 + Level 10.6 Charms
 + Level 10.3 Summonings
 + Level 10.0 Necromancy
 + Level 10.3 Translocations
 + Level 10.4 Transmutations
 + Level 10.6 Fire Magic
 + Level 10.2 Ice Magic
 + Level 10.6 Air Magic
 + Level 9.7 Earth Magic
 + Level 10.1 Poison Magic
 + Level 9.7 Invocations
 + Level 10.0 Evocations


You had 29 spell levels left.
You didn't know any spells.

Dungeon Overview and Level Annotations

Branches:
Dungeon (1/1)

Altars:
Ashenzari
Cheibriados
Dithmenos
Elyvilon
Fedhas
Gozag
Hepliaklqana
Kikubaaqudgha
Makhleb
Nemelex Xobeh
Okawaru
Qazlal
Ru
Sif Muna
Trog
Uskayaw
Vehumet
Wu Jian
Xom
Yredelemnul
Zin
The Shining One
Beogh
Jiyva
Lugonu

Shops:
D [=(

Annotations:
D Saint Roka


Innate Abilities, Weirdness & Mutations

Your experience applies equally to all skills.
You have very sharp teeth.
Your uncanny sense of smell can sniff out nearby items.


Message History

You block the orc warrior's attack. The orc completely misses you.
The orc warrior barely misses you.
The orc is distracted by the nearby gold.
The orc shouts!
You slash the steam dragon!
You kill the steam dragon!
You barely miss the orc. You hit the orc warrior.
You closely miss the orc warrior.
Your crystal plate armour of Vehumet's Hope prevents you from hitting the orc.
The orc no longer looks unusually strong.
Saint Roka roars a battlecry!
The orc goes into a battle-frenzy!
The orc hits you but does no damage. You block the orc warrior's attack.
The river rat is distracted by the nearby gold.
The orc is no longer distracted by gold.
The orc knight is no longer distracted by gold.
You block the giant cockroach's attack. You block the orc warrior's attack.
Saint Roka hits you from afar with a halberd of holy wrath!!!
You die...
Your body crumbles into a pile of gold.

# ###### ########## ####
..+...###........###....
..+.....##......##....#
..##.....##....##..#.#
...###....#....#o....#∆
.....###.###).##{#.#.#∆
..#...#....#)[#ooso..#
......+..∩∩'..$o@.or.+
..#...#...[#.$#o$oo..#
.....###.###..##.#o#.#∆
...###....#....#{o...#∆
..##.....##....##..#.# $
$ ..'.....##......
#....# ..'...###........
##.... #######
########## ####


You could see Saint Roka, an orc knight, 2 orc warriors, a river rat, 7 orcs and
a giant cockroach.

Vanquished Creatures
  A sea snake (D)
  2 swamp dragons (D)
  A spriggan druid (D)
  A deep elf mage (D)
  2 orc sorcerers (D)
  An orange demon (D)
  A smoke demon (D)
  A rime drake (D)
  An efreet (D)
  2 guardian mummies (D)
  A hellwing (D)
  A tyrant leech (D)
  A hornet (D)
  Grinder (D)
  3 hippogriffs (D)
  7 dream sheep (D)
  A ynoxinul (D)
  A flying skull (D)
  Eustachio (D)
  A tarantella (D)
  A wyvern (D)
  2 steam dragons (D)
  2 water moccasins (D)
  2 porcupines (D)
  7 orc warriors (D)
  A phantom (D)
  6 wolves (D)
  2 centaurs (D)
  A crocodile (D)
  A crimson imp (D)
  A hound (D)
  An iron imp (D)
  An orc wizard (D)
  A river rat (D)
  A white imp (D)
  An ooze (D)
  An adder zombie (D)
  A worm (D)
  A leopard gecko (D)
  7 orcs (D)
  2 goblins (D)
  A hobgoblin (D)
  4 jackals (D)
  A ball python simulacrum (D)
  A bat (D)
  4 frilled lizards (D)
  A giant cockroach zombie (D)
  A rat (D)
87 creatures vanquished.

Notes
Turn   | Place    | Note
-------+----------+-------------------------------------------
     0 | D        | potatolord6000 the Gnoll Fighter began the quest for the Orb.
     0 | D        | Reached XP level 1. HP: 23/23 MP: 1/1
    13 | D        | Reached skill level 1 in Crossbows
    13 | D        | Reached skill level 1 in Stealth
    13 | D        | Reached skill level 1 in Necromancy
    49 | D        | Found a bloodstained altar of Trog.
    49 | D        | Found a deep blue altar of Sif Muna.
    49 | D        | Found a viscous altar of Jiyva.
    49 | D        | Found a hazy altar of Hepliaklqana.
    49 | D        | Found an opulent altar of Gozag.
    50 | D        | Found a glowing golden altar of the Shining One.
    50 | D        | Found a glowing silver altar of Zin.
    50 | D        | Found a basalt altar of Yredelemnul.
    50 | D        | Found a shimmering altar of Xom.
    50 | D        | Found an ornate altar of the Wu Jian Council.
    50 | D        | Found a sacrificial altar of Ru.
    50 | D        | Found a stormy altar of Qazlal.
    50 | D        | Found an iron altar of Okawaru.
    50 | D        | Found a sparkling altar of Nemelex Xobeh.
    50 | D        | Found a burning altar of Makhleb.
    50 | D        | Found a blossoming altar of Fedhas.
    50 | D        | Found a white marble altar of Elyvilon.
    50 | D        | Found a shadowy altar of Dithmenos.
    50 | D        | Found a snail-covered altar of Cheibriados.
    52 | D        | Found a radiant altar of Vehumet.
    52 | D        | Found a corrupted altar of Lugonu.
    52 | D        | Found a roughly hewn altar of Beogh.
    54 | D        | Found an ancient bone altar of Kikubaaqudgha.
    54 | D        | Found a hide-covered altar of Uskayaw.
    54 | D        | Found a shattered altar of Ashenzari.
    57 | D        | Became a worshipper of Gozag Ym Sagoz the Greedy
    73 | D        | Reached skill level 1 in Summonings
    75 | D        | Reached skill level 1 in Throwing
    75 | D        | Reached skill level 1 in Translocations
    75 | D        | Reached skill level 1 in Transmutations
    75 | D        | Reached skill level 1 in Air Magic
    75 | D        | Reached skill level 1 in Invocations
    83 | D        | Reached XP level 2. HP: 29/29 MP: 3/3
    91 | D        | Reached skill level 1 in Long Blades
    91 | D        | Reached skill level 1 in Dodging
    91 | D        | Reached skill level 1 in Charms
    91 | D        | Reached skill level 1 in Ice Magic
    91 | D        | Reached skill level 1 in Poison Magic
   100 | D        | Reached skill level 1 in Unarmed Combat
   100 | D        | Reached skill level 1 in Hexes
   100 | D        | Reached skill level 1 in Fire Magic
   159 | D        | Reached skill level 1 in Evocations
   160 | D        | Noticed a water moccasin
   161 | D        | Reached skill level 1 in Spellcasting
   174 | D        | Killed a water moccasin
   174 | D        | Reached skill level 5 in Axes
   174 | D        | Reached skill level 7 in Armour
   174 | D        | Reached XP level 3. HP: 24/36 MP: 3/7
   174 | D        | Reached XP level 4. HP: 28/43 MP: 3/8
   174 | D        | Reached XP level 5. HP: 32/48 MP: 3/9
   334 | D        | Noticed a porcupine
   335 | D        | Noticed an orc warrior
   335 | D        | Noticed a deep elf mage
   356 | D        | Killed a porcupine
   356 | D        | Reached skill level 5 in Crossbows
   356 | D        | Reached XP level 6. HP: 51/56 MP: 9/12
   360 | D        | Killed an orc warrior
   360 | D        | Reached skill level 5 in Throwing
   360 | D        | Reached skill level 8 in Armour
   360 | D        | Reached skill level 5 in Summonings
   360 | D        | Reached skill level 5 in Air Magic
   360 | D        | Reached skill level 5 in Invocations
   362 | D        | Noticed a fire elemental
   362 | D        | Reached skill level 5 in Polearms
   362 | D        | Reached skill level 5 in Charms
   362 | D        | Reached skill level 5 in Transmutations
   371 | D        | Noticed a fire elemental
   387 | D        | Killed a deep elf mage
   387 | D        | Reached skill level 5 in Short Blades
   387 | D        | Reached skill level 5 in Long Blades
   387 | D        | Reached skill level 5 in Maces & Flails
   387 | D        | Reached skill level 5 in Staves
   387 | D        | Reached skill level 5 in Slings
   387 | D        | Reached skill level 5 in Bows
   387 | D        | Reached skill level 5 in Dodging
   387 | D        | Reached skill level 5 in Stealth
   387 | D        | Reached skill level 5 in Unarmed Combat
   387 | D        | Reached skill level 5 in Spellcasting
   387 | D        | Reached skill level 5 in Conjurations
   387 | D        | Reached skill level 5 in Hexes
   387 | D        | Reached skill level 5 in Necromancy
   387 | D        | Reached skill level 5 in Translocations
   387 | D        | Reached skill level 5 in Fire Magic
   387 | D        | Reached skill level 5 in Ice Magic
   387 | D        | Reached skill level 5 in Earth Magic
   387 | D        | Reached skill level 5 in Poison Magic
   387 | D        | Reached skill level 5 in Evocations
   387 | D        | Reached XP level 7. HP: 21/64 MP: 12/15
   387 | D        | Reached XP level 8. HP: 24/71 MP: 12/16
   628 | D        | Reached skill level 9 in Armour
   655 | D        | Noticed a hippogriff
   664 | D        | Killed a hippogriff
   754 | D        | Bought the +5 buckler "Vufoaz" {Str+3} for 599 gold pieces
   770 | D        | Noticed a spriggan druid
   787 | D        | Killed a spriggan druid
   790 | D        | Reached XP level 9. HP: 31/78 MP: 17/19
   803 | D        | Noticed a swamp dragon
   804 | D        | Noticed a swamp dragon
   816 | D        | Killed a swamp dragon
   816 | D        | Reached skill level 10 in Fighting
   820 | D        | Killed a swamp dragon
   820 | D        | Reached skill level 10 in Armour
   820 | D        | Reached skill level 10 in Shields
  1133 | D        | Noticed a hellwing
  1144 | D        | Killed a hellwing
  1221 | D        | Reached XP level 10. HP: 84/86 MP: 20/22
  1325 | D        | Bought the +6 crystal plate armour of Vehumet's Hope {rF++ Dex-3} for 1666 gold pieces
  1335 | D        | Bought a +0 pair of boots of flying for 161 gold pieces
  1403 | D        | Reached skill level 11 in Armour
  1408 | D        | Noticed Grinder
  1410 | D        | Noticed a smoke demon
  1420 | D        | Killed Grinder
  1425 | D        | Noticed a sea snake
  1429 | D        | Killed a smoke demon
  1429 | D        | Reached skill level 10 in Axes
  1430 | D        | Paralysed by a hornet for 2 turns
  1435 | D        | Paralysed by a hornet for 2 turns
  1450 | D        | Killed a sea snake
  1450 | D        | Reached skill level 10 in Crossbows
  1450 | D        | Reached skill level 10 in Charms
  1450 | D        | Reached XP level 11. HP: 50/93 MP: 24/24
  1624 | D        | Noticed Eustachio
  1648 | D        | Killed Eustachio
  1734 | D        | Reached skill level 10 in Hexes
  1734 | D        | Reached skill level 10 in Summonings
  1742 | D        | Reached skill level 10 in Air Magic
  1743 | D        | Reached skill level 10 in Fire Magic
  1960 | D        | Noticed Saint Roka
  1960 | D        | Noticed an orc sorcerer
  1963 | D        | Noticed an orc knight
  1965 | D        | Noticed an orc sorcerer
  1974 | D        | Reached skill level 10 in Short Blades
  1974 | D        | Reached skill level 10 in Ice Magic
  1975 | D        | Killed an orc sorcerer
  1975 | D        | Reached skill level 10 in Transmutations
  1976 | D        | Reached skill level 10 in Poison Magic
  1982 | D        | Reached skill level 10 in Dodging
  1985 | D        | Reached skill level 12 in Armour
  1985 | D        | Reached skill level 10 in Translocations
  1985 | D        | Reached skill level 10 in Necromancy
  1986 | D        | Killed an orc sorcerer
  1986 | D        | Reached skill level 10 in Long Blades
  1986 | D        | Reached skill level 10 in Slings
  1986 | D        | Reached skill level 10 in Bows
  1986 | D        | Reached skill level 10 in Throwing
  1986 | D        | Reached skill level 10 in Evocations
  1990 | D        | Demolished by Saint Roka

Vault maps used:
D:        pitsprint

Skill      XL: |  1  2  3  4  5  6  7  8  9 10 11 |
---------------+----------------------------------+-----
Crossbows      | 2 4 5 6 7 8 10 | 10.6
Stealth        | 1 3 4 5 6 8 9 |  9.5
Necromancy     | 1 3 4 5 6 7 9 10 | 10.0
Summonings     | 1 3 4 6 7 8 9 10 | 10.3
Throwing       | 1 3 4 6 7 8 9 10 | 10.0
Translocations | 1 3 5 6 7 8 10 | 10.3
Transmutations | 1 3 4 6 7 8 9 10 | 10.4
Air Magic      | 1 3 4 6 7 8 9 10 | 10.6
Invocations    | 1 3 4 6 7 8 9 |  9.7
Long Blades    | 2 3 5 6 7 8 10 | 10.0
Polearms       | 3 4 6 7 8 9 |  9.8
Dodging        | 3 4 5 6 7 8 10 | 10.0
Charms         | 3 4 6 7 8 10 | 10.6
Ice Magic      | 3 4 5 7 8 9 10 | 10.2
Poison Magic   | 3 4 5 7 8 9 10 | 10.1
Unarmed Combat | 3 4 5 6 8 9 |  9.4
Hexes          | 2 4 5 7 8 9 10 | 10.6
Fire Magic     | 2 4 5 6 7 9 10 | 10.6
Evocations     | 2 3 5 6 7 8 10 | 10.0
Spellcasting   | 3 4 5 6 8 9 |  9.9
Fighting       | 7 9 10 11 | 11.6
Short Blades   | 2 3 5 6 7 9 10 | 10.3
Axes           | 5 7 8 9 10 | 10.8
Maces & Flails | 2 3 5 6 7 8 9 |  9.8
Staves         | 2 3 5 6 7 8 9 |  9.9
Slings         | 2 3 5 6 7 9 10 | 10.0
Bows           | 2 3 5 6 7 9 10 | 10.0
Armour         | 7 8 9 10 11 12 | 12.0
Shields        | 7 8 9 10 11 | 11.5
Conjurations   | 2 3 5 6 7 8 9 |  9.7
Earth Magic    | 3 5 6 7 8 9 |  9.7

Action                   |  1- 3 |  4- 6 |  7- 9 | 10-12 || total
-------------------------+-------+-------+-------+-------++-------
Melee: War axe           |    34 |    35 |    53 |       ||   122
       Bite              |     3 |     4 |    11 |    21 ||    39
       Broad axe         |       |       |    26 |   127 ||   153
Invok: Call Merchant     |       |       |     1 |     2 ||     3
       Potion Petition   |       |       |       |     1 ||     1
  Use: Potion            |     1 |     9 |     3 |     8 ||    21
 Stab: Distracted        |     1 |       |     1 |       ||     2
       Invisible         |       |     3 |     4 |       ||     7
  Eat: Meat ration       |       |       |     2 |       ||     2
Armor: Scale mail        |    10 |       |       |       ||    10
       Chain mail        |       |    18 |    34 |     4 ||    56
       Crystal plate arm |       |       |       |   112 ||   112
Dodge: Dodged            |     7 |    11 |    60 |   132 ||   210
Block: Shield            |    22 |    35 |    16 |       ||    73
       Buckler           |       |       |    55 |   151 ||   206

Table legend:
 A = Spawn XP
 B = Non-spawn XP
 C = Spawn XP percentage of total XP
 D = Spawn monster count
 E = Non-spawn monster count
 F = Spawn count percentage of total count
 G = Total turns spent on level
                    A         B        C        D         E        F      G
               +---------+---------+-------+---------+---------+-------+---------
         Total |       0 |   14790 |   0.0 |       0 |      87 |   0.0 |  1990
               +---------+---------+-------+---------+---------+-------+---------
             D |       0 |   14790 |   0.0 |       0 |      87 |   0.0 |  1990
               +---------+---------+-------+---------+---------+-------+---------
